 Dungeon Crawl Stone Soup version 0.29.0-11-gd7f09526c8 (webtiles) character file.

Game seed: 5532362997459190976

16270 gelatine the Blocker (level 12, -9/94 HPs)
             Began as a Formicid Fighter on Sept 7, 2022.
             Was a High Priest of Dithmenos.
             Succumbed to a swamp dragon's poison gas
             ... on level 2 of the Lair of Beasts.
             The game lasted 00:52:32 (15565 turns).

gelatine the Blocker (Formicid Fighter)            Turns: 15565, Time: 00:52:33

Health: -9/94      AC: 19    Str: 24    XL:     12   Next: 68%
Magic:  0/15       EV: 13    Int: 10    God:    Dithmenos [*****.]
Gold:   665        SH: 14    Dex: 13    Spells: 11/11 levels left

rFire   . . .      SeeInvis +   U - +5 spear (vamp)
rCold   . . .      Faith    .   V - +2 kite shield
rNeg    . . .      Spirit   +   O - +0 troll leather armour
rPois   .          Reflect  .   (helmet unavailable)
rElec   .          Harm     .   B - +0 cloak
rCorr   .          Rampage  .   Q - +0 pair of gloves
Will    +....                   X - +1 pair of boots
Stlth   +++++.....              P - amulet of guardian spirit
HPRegen 1.05/turn               j - +4 ring of protection
MPRegen 0.14/turn               m - +4 ring of protection

@: lethally poisoned (-9 -> -53), wreathed by umbra
A: permanent stasis, dig shafts and tunnels, antennae 3, four strong arms
a: Dig, Shaft Self, Renounce Religion, Shadow Step, Shadow Form


You were on level 2 of the Lair of Beasts.
You worshipped Dithmenos.
Dithmenos was extremely pleased with you.
You visited 3 branches of the dungeon, and saw 13 of its levels.
You also visited: Sewer and Ossuary.

You collected 859 gold pieces.
You spent 194 gold pieces at shops.

Inventory:

Hand Weapons
 l - the +7 spear "Pumemmig" {speed, Will+}
   (You found it on level 2 of the Dungeon)

   Attacks with this weapon are significantly faster.
   Will:      It increases your willpower.
 x - a +0 arbalest
 M - a +4 dire flail
 N - a +2 trident of freezing
 U - a +5 vampiric spear (weapon)
Missiles
 e - 30 poisoned darts
 i - 3 boomerangs of dispersal
 q - 5 javelins
 t - 5 throwing nets
 v - 11 boomerangs (quivered)
 R - 4 curare-tipped darts
Armour
 B - a +0 cloak (worn)
 C - a +0 plate armour
 O - a +0 troll leather armour (worn)
 Q - a +0 pair of gloves (worn)
 V - a +2 kite shield (worn)
 X - a +1 pair of boots (worn)
Magical Staves
 p - a staff of conjuration
Jewellery
 b - a ring of willpower
 j - a +4 ring of protection (left hand)
 k - a ring of ice
 m - a +4 ring of protection (right hand)
 P - an amulet of guardian spirit (around neck)
Wands
 s - a wand of iceblast (19)
 u - a wand of paralysis (26)
 A - a wand of light (20)
 L - a wand of polymorph (13)
 Y - a wand of digging (4)
Scrolls
 a - 2 scrolls of amnesia
 c - 2 scrolls of fear
 h - 3 scrolls of enchant weapon
 r - 4 scrolls of enchant armour
 w - a scroll of silence
 z - 2 scrolls of immolation
 D - a scroll of butterflies
 S - a scroll of summoning
 W - 3 scrolls of poison
Potions
 d - 2 potions of might
 n - a potion of cancellation {unknown}
 o - 2 potions of attraction
 E - a potion of resistance {unknown}
 F - 4 potions of lignification
 G - 3 potions of flight
 H - a potion of mutation {unknown}
 I - a potion of invisibility {unknown}
 K - a potion of ambrosia {unknown}
 T - a potion of magic {unknown}
Miscellaneous
 y - a tin of tremorstones (1/2)


   Skills:
 * Level 8.6 Fighting
 + Level 5.0 Maces & Flails
 + Level 7.3 Polearms
 + Level 4.9 Throwing
 * Level 9.5 Armour
 * Level 6.6 Dodging
 + Level 6.6 Stealth
 * Level 12.0 Shields
 * Level 4.9 Invocations
 * Level 1.6 Evocations


You had 11 spell levels left.
You didn't know any spells.
Your spell library contained the following spells:

 Spells                   Type           Power      Damage    Failure   Level
 Beastly Appendage        Tmut           0%         N/A       58%         1
 Magic Dart               Conj           0%         1d3       58%         1
 Shock                    Conj/Air       0%         1d3       58%         1
 Call Imp                 Summ           0%         N/A       73%         2
 Wereblood                Tmut           0%         N/A       73%         2
 Mephitic Cloud           Conj/Pois/Air  0%         N/A       91%         3
 Spider Form              Tmut/Pois      0%         N/A       91%         3
 Airstrike                Air            0%         2d(0-16)  100%        4
 Animate Armour           Summ/Erth      0%         N/A       100%        4
 Blade Hands              Tmut           0%         N/A       100%        5
 Iron Shot                Conj/Erth      0%         9d1       100%        6
 Swiftness                Air            Unusable   N/A       N/A         3

Dungeon Overview and Level Annotations

Branches:
Dungeon (10/15)            Temple (1/1) D:4            Lair (2/5) D:10
  Snake (0/4) Lair:2        Sewer (visited)         Ossuary (visited)
  Swamp: Lair:2-3    Shoals: Lair:2-3       Orc: D:9-12

Altars:
Ashenzari
Cheibriados
Dithmenos
Elyvilon
Fedhas
Gozag
Hepliaklqana
Kikubaaqudgha
Makhleb
Nemelex Xobeh
Okawaru
Qazlal
Ru
Sif Muna
Trog
Uskayaw
Vehumet
Wu Jian
Xom
Yredelemnul
Zin
The Shining One

Shops:
D:2 :   D:6 !   D:8 *!   D:9 !   D:10 =


Innate Abilities, Weirdness & Mutations

You cannot be hasted, slowed, berserked, paralysed or teleported.
You can dig through walls and to a lower floor.
You have a pair of large antennae on your head. (SInv)
Your four strong arms can wield two-handed weapons with a shield.


Message History

You block the swamp dragon's attack.
The swamp dragon claws you but does no damage.
You block the swamp dragon's attack.
You hit the swamp dragon.
The swamp dragon is severely wounded.
Your shadow completely misses the swamp dragon.
You feel sick.
A cane toad comes into view.
The cane toad croaks.
You hit the swamp dragon.
You feel better.
The swamp dragon is severely wounded.
You feel sick.
The swamp dragon bites you but does no damage.
The swamp dragon closely misses you. You block the swamp dragon's attack.
You hit the swamp dragon but do no damage.
The swamp dragon is severely wounded.
You feel sick.
The swamp dragon breathes poison at you.
The blast of poison engulfs you!
You are more poisoned.
* * * LOW HITPOINT WARNING * * *
You feel much better.
You are engulfed in poison gas.
You are more poisoned.
* * * LOW HITPOINT WARNING * * *
You feel extremely sick. The swamp dragon closely misses you.
The swamp dragon barely misses you. You block the swamp dragon's attack.
You are engulfed in poison gas.
You are lethally poisoned!
* * * LOW HITPOINT WARNING * * *
x2 You feel extremely sick.
Aiming: Dig
Press: ? - help, Q - select action, (/) - cycle Shift-Dir - straight line A rock wall.
This square is wreathed by an umbra.
The rock shatters into small pieces.
You are engulfed in poison gas.
You are more poisoned.
* * * LOW HITPOINT WARNING * * *
You die...

#####.##..P..##.#
#####..>.#...
####......... ##
###............
#.##...........###
##.......###P..# #
#.°....### #..##
##°°.#.### #..#
#○@....... #..P
#°D####### #....
##F###### ###
#°°##...###..# ##
#○.○°........#. #.
####°°..........##.
###..............
#............(...
#................


You could see a swamp dragon (catching breath) and a cane toad.

Vanquished Creatures
  A two-headed ogre (D:10)
  A deep elf pyromancer (D:7)
  6 black mambas
  3 cane toads
  2 unseen horrors (D:10)
  A rime drake (Lair:2)
  2 komodo dragons (Lair:2)
  2 trolls
  20 yaks
  A basilisk (Lair:2)
  2 steam dragons
  8 water moccasins
  2 black bears
  2 ice beasts
  3 orc warriors
  A sky beast (D:7)
  3 ogres (D:5)
  28 wolves
  2 centaurs (D:10)
  2 kobold brigands
  11 bullfrogs
  2 scorpions
  A necrophage (D:5)
  3 gnoll sergeants (D:8)
  4 water moccasin zombies (Ossuary)
  6 wights
  3 killer bees (D:9)
  2 jellies
  3 gnoll boudas
  7 hounds
  5 orc priests
  An iguana (D:5)
  5 orc wizards
  6 hell rats (Lair:1)
  2 mummies (Ossuary)
  33 gnolls
  9 adders
  5 river rats (Sewer)
  3 white imps
  2 ufetubi
  7 adder zombies (Ossuary)
  2 worms (D:3)
  3 dart slugs
  29 orcs
  8 bats
  5 endoplasms
  8 giant cockroaches
  2 gnoll zombies (Ossuary)
  7 goblins
  4 hobgoblins
  8 jackals
  10 quokkas
  12 ball pythons
  3 frilled lizards
  5 hobgoblin zombies (Ossuary)
  14 kobolds
  4 kobold zombies (Ossuary)
  An orc zombie (Ossuary)
  5 rats
342 creatures vanquished.

Vanquished Creatures (others)
  An orc (D:7)
  3 fungi (Lair:2)
  6 plants
10 creatures vanquished.

Grand Total: 352 creatures vanquished

Notes
Turn   | Place    | Note
-------+----------+-------------------------------------------
     0 | D:1      | gelatine the Formicid Fighter began the quest for the Orb.
     0 | D:1      | Reached XP level 1. HP: 18/18 MP: 1/1
   233 | D:1      | Reached XP level 2. HP: 20/24 MP: 2/2
   855 | D:1      | Reached XP level 3. HP: 29/29 MP: 3/3
  1019 | D:1      | You fall into a shaft and drop 1 floor!
  1078 | D:2      | Reached XP level 4. HP: 19/37 MP: 4/4
  1305 | D:2      | Identified the +7 spear "Pumemmig" {speed, Will+}
  1330 | D:2      | Found Bathefoare's Book Shoppe.
  1492 | D:2      | Found a faded altar of an unknown god.
  2144 | D:3      | Found a hide-covered altar of Uskayaw.
  2284 | D:3      | Reached XP level 5. HP: 40/43 MP: 5/5
  2293 | D:3      | Reached skill level 1 in Dodging
  4115 | D:4      | Reached XP level 6. HP: 49/49 MP: 6/6
  4146 | D:4      | Reached skill level 1 in Polearms
  4146 | D:4      | Reached skill level 5 in Shields
  4390 | D:4      | Found a staircase to the Ecumenical Temple.
  4398 | Temple   | Entered the Ecumenical Temple
  4560 | Temple   | Became a worshipper of Dithmenos the Shadowed
  4738 | D:5      | Entered Level 5 of the Dungeon
  4781 | D:5      | Noticed an ogre
  4791 | D:5      | Killed an ogre
  4792 | D:5      | Reached skill level 1 in Stealth
  5169 | D:5      | Found a shimmering blue altar of Sif Muna.
  5212 | D:5      | Found a sand-covered staircase.
  5223 | D:5      | Reached skill level 5 in Armour
  5223 | D:5      | Reached XP level 7. HP: 55/55 MP: 7/7
  5228 | Ossuary  | Entered an ossuary
  5352 | Ossuary  | Reached * piety under Dithmenos
  5363 | Ossuary  | Reached skill level 5 in Fighting
  5514 | D:5      | Found a sparkling altar of Nemelex Xobeh.
  5521 | D:5      | Found a radiant altar of Vehumet.
  5589 | D:5      | Reached XP level 8. HP: 62/62 MP: 8/8
  5760 | D:5      | Found a sacrificial altar of Ru.
  5856 | D:5      | Reached skill level 6 in Shields
  6027 | D:5      | Reached skill level 1 in Throwing
  6508 | D:6      | Found a glowing drain.
  6514 | Sewer    | Entered a sewer
  6678 | Sewer    | Reached ** piety under Dithmenos
  7454 | D:6      | Found Meatzueq's Distillery.
  7457 | D:6      | Bought a potion of curing for 39 gold pieces
  7770 | D:6      | Reached XP level 9. HP: 55/69 MP: 9/9
  8610 | D:7      | Reached skill level 5 in Polearms
  8610 | D:7      | Reached skill level 7 in Shields
  8896 | D:7      | Noticed a deep elf pyromancer
  8923 | D:7      | Killed a deep elf pyromancer
  8924 | D:7      | Reached skill level 5 in Stealth
  9925 | D:8      | Found Wedyzic's Elemental Accessories.
  9945 | D:8      | Reached XP level 10. HP: 77/77 MP: 10/10
  9965 | D:8      | Found Weahysoz's Distillery.
  9990 | D:8      | Bought a potion of heal wounds for 75 gold pieces
 10051 | D:8      | Reached *** piety under Dithmenos
 10217 | D:8      | Found a glowing golden altar of the Shining One.
 10743 | D:8      | Reached skill level 8 in Shields
 11091 | D:8      | Reached skill level 1 in Invocations
 11803 | D:9      | Found Teuhem's Distillery.
 11884 | D:9      | Reached skill level 9 in Shields
 11950 | D:10     | Entered Level 10 of the Dungeon
 11963 | D:10     | Reached **** piety under Dithmenos
 12236 | D:10     | Found Soijurch's Jewellery Shoppe.
 12324 | D:9      | Reached XP level 11. HP: 77/84 MP: 12/12
 12357 | D:9      | Bought a potion of heal wounds for 80 gold pieces
 12385 | D:9      | Found a broken altar of Ashenzari.
 12725 | D:9      | Found a hazy altar of Hepliaklqana.
 12846 | D:10     | Found a white marble altar of Elyvilon.
 13023 | D:10     | Noticed a two-headed ogre
 13045 | D:10     | Killed a two-headed ogre
 13046 | D:10     | Reached skill level 5 in Dodging
 13158 | D:10     | Found a staircase to the Lair.
 13188 | D:10     | Found an iron altar of Okawaru.
 13610 | Lair:1   | Entered Level 1 of the Lair of Beasts
 13830 | Lair:1   | Reached skill level 10 in Shields
 13874 | Lair:1   | You fall into a shaft and drop 1 floor!
 14058 | Lair:2   | Reached XP level 12. HP: 83/92 MP: 7/15
 14070 | Lair:2   | Reached skill level 11 in Shields
 14081 | Lair:2   | Reached ***** piety under Dithmenos
 15208 | Lair:2   | Found a staircase to the Snake Pit.
 15248 | Lair:2   | Reached skill level 1 in Evocations
 15274 | Lair:2   | Reached skill level 12 in Shields
 15516 | Lair:2   | Noticed a swamp dragon
 15534 | Lair:2   | Reached skill level 5 in Maces & Flails
 15565 | Lair:2   | HP: 2/94 [swamp dragon] (8)]
 15565 | Lair:2   | Succumbed to a swamp dragon's poison gas

Illustrated notes

Levels and vault maps discovered:
D:1:      scummos_arrival_gate, layout_basic, minmay_misc_feat_secret_circle
D:2:      minmay_evil_eye, layout_basic, basic_ecumenical_altar, serial_shops,
          nicolae_shop_crystal
D:3:      layout_basic, nicolae_uskayaw_murder_on_the_dancefloor,
          nicolae_concentric_dashed_squares_wild, grunt_ministairs_7,
          minmay_quantized
D:4:      layout_basic, minmay_temple_entry_overgrown
D:5:      layout_loops_corners, mainiacjoe_overflow_tiny_flanked,
          nicolae_ru_path_of_blood, grunt_temple_overflow_open, enter_ossuary_1,
          chequers_serial_rivers_large_a
D:6:      layout_basic, serial_shops, kennysheep_mini_moat, gup_sewer_entry_pipe
D:7:      layout_basic, serial_bayou_pond_b
D:8:      layout_cave_pools, mainiacjoe_overflow_cross_hatched,
          serial_gnoll_camp, gnoll_camp_mini_loothouse, gnoll_camp_huts_basic,
          gnoll_camp_medium_01, gnoll_camp_mini_shop, nicolae_elemental_shop,
          ebering_dispersal_statue_hall, kennysheep_generic_room_11
D:9:      layout_basic, general_overflow_altar, evilmike_ruin_ashenzari,
          serial_shops, shop
D:10:     layout_loops_ring, elyvilon_altar_4, okawaru_gym_becter,
          lair_entry_dummy, serial_shops, nicolae_take_the_stairs,
          kennysheep_path_1
Temple:   hellmonk_temple_flake
Lair:1:   layout_cave_pods, infiniplex_staircase_pool_2
Lair:2:   layout_hall_layers, minmay_swamp_entry_reptiles,
          minmay_snake_entry_six_corridors, grunt_forest_large_clearings

Skill      XL: |  1  2  3  4  5  6  7  8  9 10 11 12 |
---------------+-------------------------------------+-----
Armour         | 4 5 6 7 8 9 |  9.5
Fighting       | 4 5 6 7 8 |  8.6
Dodging        | 1 2 3 4 5 6 |  6.6
Polearms       | 2 3 4 5 6 7 |  7.3
Shields        | 5 6 7 9 10 12 | 12.0
Stealth        | 1 2 4 5 6 |  6.6
Throwing       | 2 4 |  4.9
Invocations    | 1 4 |  4.9
Maces & Flails | 3 5 |  5.0
Evocations     | 1 |  1.6

Action                   |  1- 3 |  4- 6 |  7- 9 | 10-12 || total
-------------------------+-------+-------+-------+-------++-------
Melee: Flail             |    69 |     7 |       |       ||    76
       Spear             |       |   131 |   413 |   411 ||   955
       Dire flail        |       |       |       |   401 ||   401
Throw: Boomerang         |       |     4 |    37 |   125 ||   166
Evoke: Wand              |       |     1 |       |     2 ||     3
       Tin of tremorston |       |       |       |     2 ||     2
  Use: Scroll            |       |     6 |     2 |     8 ||    16
       Potion            |       |       |     3 |    11 ||    14
 Stab: Sleeping          |       |       |       |     5 ||     5
Armor: Scale mail        |    30 |    38 |    71 |       ||   139
       Plate armour      |       |       |    35 |   140 ||   175
       Troll leather arm |       |       |       |   246 ||   246
Dodge: Dodged            |    37 |    43 |   110 |   462 ||   652
Block: Buckler           |    12 |    16 |    62 |    10 ||   100
       Kite shield       |       |       |       |   746 ||   746
